 Dungeon Crawl Stone Soup version 0.31-a0-986-g5e6e4ef867 (webtiles) character file.

Game seed: 15950170327672669416

53 DocClef the Ruffian (level 3, 0/28 HPs)
             Began as a Gnoll Shapeshifter on Nov 5, 2023.
             Succumbed to an adder's poison
             ... on level 3 of the Dungeon.
             The game lasted 00:02:53 (1729 turns).

DocClef the Ruffian (Gnoll Shapeshifter)            Turns: 1729, Time: 00:02:53

Health: 0/28       AC:  2    Str: 15    XL:     3   Next: 87%
Magic:  4/4        EV: 13    Int:  9    God:
Gold:   141        SH:  0    Dex: 11    Spells: 4/4 levels left

rFire   . .          .
                       - Unarmed
rCold   . . .        (no shield)
rNeg    . . .        a - +0 animal skin
rPois   .            (helmet currently unavailable)
rElec   .            (cloak currently unavailable)
rCorr   .            (gloves currently unavailable)
SInv    .            (boots currently unavailable)
Will    .....        (no amulet)
Stlth   +            (no ring)
HPRegen 0.24/turn    (no ring)
MPRegen 0.09/turn

%: no passive effects
@: lethally poisoned (0 -> -12), beast-form, hasted, very quick
A: beast (slay +3), fangs 1, strong nose, distributed training
a: Begin Untransformation


You were on level 3 of the Dungeon.
You were a hulking beast.
You visited 1 branch of the dungeon, and saw 3 of its levels.

You collected 141 gold pieces.

Inventory:

Armour
 a - a +0 animal skin (worn)
 g - a +0 scale mail
 m - a +0 cloak
Talismans
 c - a beast talisman
 d - a flux talisman
Scrolls
 f - 3 scrolls of identify
Potions
 b - a potion of lignification
 e - 2 potions of attraction
 i - a potion of berserk rage {unknown}
 k - a potion of experience {unknown}
 n - 2 potions of brilliance {unknown}
 o - a potion of resistance {unknown}


   Skills:
 + Level 2.6 Fighting
 + Level 1.0 Short Blades
 + Level 1.0 Long Blades
 + Level 1.0 Axes
 + Level 1.0 Maces & Flails
 + Level 1.0 Polearms
 + Level 1.0 Staves
 + Level 1.0 Ranged Weapons
 + Level 1.0 Throwing
 + Level 1.0 Armour
 + Level 4.6 Dodging
 + Level 1.0 Stealth
 + Level 1.0 Shields
 + Level 6.5 Unarmed Combat
 + Level 1.0 Spellcasting
 + Level 0.7 Conjurations
 + Level 0.7 Hexes
 + Level 0.7 Summonings
 + Level 0.7 Necromancy
 + Level 0.7 Translocations
 + Level 0.7 Transmutations
 + Level 0.7 Fire Magic
 + Level 0.7 Ice Magic
 + Level 0.7 Air Magic
 + Level 0.7 Earth Magic
 + Level 0.7 Poison Magic
 + Level 1.0 Invocations
 + Level 1.0 Evocations
 + Level 6.5 Shapeshifting


You had 4 spell levels left.
You didn't know any spells.
Your spell library contained the following spells:

 Spells                   Type           Power      Damage    Failure   Level
 Summon Small Mammal      Summ           4%         N/A       28%         1
 Call Canine Familiar     Summ           1%         N/A       63%         3
 Summon Guardian Golem    Hex/Summ       1%         N/A       63%         3


Dungeon Overview and Level Annotations

Branches:
Dungeon (3/15)

Altars:


Innate Abilities, Weirdness & Mutations

You are a hulking beast.
Your limbs bulge with bestial killing power. (Slay +3)
You have very sharp teeth.
Your uncanny sense of smell can sniff out nearby items.
Your experience applies equally to all skills.


Message History

No target in view!
You see here a +0 scale mail.
g - a +0 scale mail
Found an escape hatch in the floor.
You now have 141 gold pieces (gained 10).
An orc comes into view. It is wielding a +0 short sword.
The orc shouts!
The orc hits you with a +0 short sword.
You punch the orc!
You kill the orc!
You hear the rusting of a drain very nearby.
An adder comes into view.
You enter the shallow water.
Moving in this stuff is going to be slow.
Your unstable footing causes you to fumble your attack.
The adder bites you.
You are poisoned.
The adder poisons you!
Your unstable footing causes you to fumble your attack.
You feel sick. The adder bites you.
You are more poisoned.
The adder poisons you!
Your unstable footing causes you to fumble your attack.
You feel sick. The adder bites you.
You are lethally poisoned!
The adder poisons you!
You feel very sick. The adder attacks as it pursues you!
The adder closely misses you. The adder barely misses you. The adder bites you.
* * * LOW HITPOINT WARNING * * *
You hit the adder.
The adder is lightly wounded.
* * * LOW HITPOINT WARNING * * *
You feel very sick. The adder bites you.
* * * LOW HITPOINT WARNING * * *
You are more poisoned.
The adder poisons you!
It was a potion of haste.
You feel yourself speed up.
You die...

#..##.......
#.###....... #
### ####.)## ##~
###.## ~~# #...#
#~# ##.### #~#
#..# #S# #.##
#h### #.# #...#
#.#
###.#######.##
#..........#
####.......#####
#...>.(......
#.......#####
#.......#
#.......#


You could see an adder.

Vanquished Creatures
  2 adders (D:2)
  An orc (D:3)
  4 bats
  3 endoplasms
  A giant cockroach (D:1)
  5 goblins
  A hobgoblin (D:1)
  2 jackals (D:2)
  2 ball pythons
  3 frilled lizards
  4 kobolds
  4 rats
32 creatures vanquished.

Notes
Turn   | Place    | Note
-------+----------+-------------------------------------------
     0 | D:1      | DocClef the Gnoll Shapeshifter began the quest for the Orb.
     0 | D:1      | Reached XP level 1. HP: 17/17 MP: 1/1
   105 | D:1      | Reached XP level 2. HP: 23/23 MP: 2/2
   938 | D:2      | Reached XP level 3. HP: 28/28 MP: 2/4
  1193 | D:2      | Reached skill level 1 in Invocations
  1653 | D:3      | Reached skill level 1 in Short Blades
  1653 | D:3      | Reached skill level 1 in Long Blades
  1653 | D:3      | Reached skill level 1 in Axes
  1653 | D:3      | Reached skill level 1 in Maces & Flails
  1653 | D:3      | Reached skill level 1 in Polearms
  1653 | D:3      | Reached skill level 1 in Staves
  1653 | D:3      | Reached skill level 1 in Ranged Weapons
  1653 | D:3      | Reached skill level 1 in Throwing
  1653 | D:3      | Reached skill level 1 in Armour
  1653 | D:3      | Reached skill level 1 in Stealth
  1653 | D:3      | Reached skill level 1 in Shields
  1653 | D:3      | Reached skill level 1 in Spellcasting
  1653 | D:3      | Reached skill level 1 in Evocations
  1729 | D:3      | Succumbed to an adder's poison

Illustrated notes

Levels and vault maps discovered:
D:1:      roadster_arrival_rocket_large, layout_loops_corners
D:2:      layout_loops_ring
D:3:      layout_rooms, mainiacjoe_sewer_entry_somewhere_in_here_2, uniq_natasha

Skill      XL: |  1  2  3 |
---------------+----------+-----
Invocations    | 1 |  1.0
Short Blades   | 1 |  1.0
Long Blades    | 1 |  1.0
Axes           | 1 |  1.0
Maces & Flails | 1 |  1.0
Polearms       | 1 |  1.0
Staves         | 1 |  1.0
Ranged Weapons | 1 |  1.0
Throwing       | 1 |  1.0
Armour         | 1 |  1.0
Stealth        | 1 |  1.0
Shields        | 1 |  1.0
Spellcasting   | 1 |  1.0
Evocations     | 1 |  1.0
Fighting       | |  2.6
Dodging        | |  4.6
Unarmed Combat | |  6.5
Conjurations   | |  0.7
Hexes          | |  0.7
Summonings     | |  0.7
Necromancy     | |  0.7
Translocations | |  0.7
Transmutations | |  0.7
Fire Magic     | |  0.7
Ice Magic      | |  0.7
Air Magic      | |  0.7
Earth Magic    | |  0.7
Poison Magic   | |  0.7
Shapeshifting  | |  6.5

Action                     || total
---------------------------++-------
  Melee: Unarmed           ||    65
         Bite              ||     2
         Punch             ||     1
    Use: Scroll            ||     5
         Potion            ||     1
   Stab: Sleeping          ||     3
 Armour: Animal skin       ||    27
  Dodge: Dodged            ||    41

Table legend: (Time is in decaauts)
 A = Elapsed time spent in this place.
 B = Non-inter-level travel time spent in this place.
 C = Inter-level travel time spent in this place.
 D = Time resting spent in this place.
 E = Time spent auto-exploring this place.
 F = Levels seen in this place.
 G = Mean time per level.
                   A        B        C        D        E       F      G
               +--------+--------+--------+--------+--------+-----+--------+
         Total |   1721 |   1627 |     94 |      0 |   1381 |   3 |  573.7 |
       Dungeon |   1721 |   1627 |     94 |      0 |   1381 |   3 |  573.7 |
               +--------+--------+--------+--------+--------+-----+--------+

Top non-repeatable levels by time:
     D:1: 870 daAuts
     D:2: 726 daAuts
     D:3: 124 daAuts
